AoeStats
← Noobieski

African Clearing

510536697Analyzed
4v4 RM · 1d ago on Oct 1, 2026· 62m 30s· 8 players
Game mode
Random Map
Map size
Large (8 player)
Population
200
Speed
Normal
Resources
Standard
Victory
Conquest
Starting age
Dark Age
Ending age
Imperial Age
RankedLock teamsTeams togetherTeam positionsShared explorationLock speedFull tech treeHidden civsTurbo modeCheats
Victory
Defeat
🇨🇳 Saxons · China
1362
+12
🇨🇳 Berbers · China
1349
+13
🇹🇼 Persians · Taiwan
1282
+16
🇨🇳 Huns · China
1173
+19
🇺🇸 Byzantines · United States
1328
-17
🇯🇵 Ethiopians · Japan
1258
-15
🇨🇳 Tatars · China
1256
-14
🇨🇳 Spanish · China
1250
-14
Guoda Statham
10:02 Loom
12:07 Feudal Age
15:46 Castle Age
13:59 Double-Bit Axe
15:07 Horse Collar
22:07 Fletching
24:46 Bodkin Arrow
25:58 Ballistics
28:53 Bow Saw
29:04 Padded Archer Armor
29:42 Husbandry
31:33 Bloodlines
32:09 Town Watch
34:19 Padded Archer Armor
40:07 Wheelbarrow
47:35 Imperial Age
49:02 Conscription
49:55 Chemistry
49:46 Bracer
49:50 Heavy Camel Rider
50:50 Leather Archer Armor
50:41 Scale Barding Armor
52:57 Chain Barding Armor
52:49 Forging
52:48 Elite Camel Archer
53:56 Elite Camel Archer
59:22 Hoardings
60:51 Plate Barding Armor
60:52 Iron Casting
59:49 Light Cavalry
61:03 Hussar
61:45 Gold Mining
61:46 Stone Mining
chengaopeng044
3:09 Loom
3:09 Loom
14:12 Feudal Age
17:56 Castle Age
15:48 Double-Bit Axe
16:38 Scale Barding Armor
17:38 Bloodlines
17:46 Forging
21:30 Horse Collar
24:41 Wheelbarrow
24:43 Town Watch
25:18 Bow Saw
28:43 Hand Cart
29:48 Husbandry
29:51 Heavy Plow
31:44 Gold Mining
33:29 Fletching
33:56 Stone Mining
33:49 Elite Skirmisher
36:24 Bodkin Arrow
41:02 Ballistics
44:34 Gold Shaft Mining
49:59 Imperial Age
51:07 Conscription
52:24 Two-Man Saw
52:31 Chemistry
51:33 Padded Archer Armor
52:06 Cavalier
52:12 Heavy Camel Rider
55:13 Leather Archer Armor
54:54 Pikeman
55:42 Halberdier
56:24 Squires
57:07 Scale Mail Armor
我是帅比
12:31 Feudal Age
11:20 Loom
18:24 Castle Age
16:41 Stone Mining
16:59 Double-Bit Axe
18:13 Bloodlines
21:20 Wheelbarrow
23:17 Gold Mining
25:04 Husbandry
29:44 Light Cavalry
37:41 Imperial Age
35:40 Bow Saw
36:43 Gold Shaft Mining
36:48 Scale Barding Armor
36:54 Forging
38:23 Chain Barding Armor
38:16 Cavalier
38:17 Hussar
39:16 Hand Cart
39:01 Horse Collar
39:43 Paladin
41:03 Plate Barding Armor
41:08 Iron Casting
44:09 Blast Furnace
49:15 Conscription
不黑的驴
9:48 Loom
12:37 Feudal Age
16:40 Castle Age
15:23 Double-Bit Axe
17:53 Scale Mail Armor
18:18 Town Watch
26:53 Chain Mail Armor
29:56 Horse Collar
34:27 Bow Saw
34:56 Wheelbarrow
35:13 Stone Mining
35:49 Gold Mining
37:09 Forging
38:28 Squires
38:15 Arson
38:53 Hand Cart
42:08 Imperial Age
42:05 Fletching
42:15 Padded Archer Armor
42:19 Town Patrol
42:04 Crossbowman
42:58 Thumb Ring
44:03 Conscription
43:10 Arbalester
45:19 Chemistry
45:34 Ballistics
46:58 Bodkin Arrow
48:32 Siege Engineers
55:43 Plate Mail Armor
55:50 Iron Casting
56:03 Elite Hearth Troop
56:59 Shield Wall
SLAMCOW
12:23 Loom
15:20 Feudal Age
16:50 Double-Bit Axe
19:40 Castle Age
22:24 Wheelbarrow
22:00 Bow Saw
27:02 Fletching
33:42 Husbandry
37:04 Imperial Age
35:14 Hand Cart
35:50 Stone Mining
35:51 Gold Mining
36:44 Scale Barding Armor
36:49 Forging
39:57 Horse Collar
40:44 Chain Barding Armor
41:50 Iron Casting
42:06 Bodkin Arrow
43:51 Bracer
44:46 Plate Barding Armor
44:12 Padded Archer Armor
44:25 Elite Skirmisher
47:11 Leather Archer Armor
46:35 Heavy Camel Rider
50:06 Gold Shaft Mining
58:22 Ring Archer Armor
KJI
9:48 Loom
13:33 Feudal Age
14:27 Double-Bit Axe
16:06 Town Watch
22:41 Castle Age
20:38 Horse Collar
22:14 Stone Mining
22:16 Gold Mining
23:58 Fletching
24:09 Scale Mail Armor
25:30 Crossbowman
30:02 Bodkin Arrow
40:18 Bow Saw
41:46 Padded Archer Armor
43:26 Wheelbarrow
50:36 Imperial Age
49:33 Chain Mail Armor
49:34 Leather Archer Armor
50:25 Squires
50:46 Capped Ram
51:10 Arbalester
51:52 Bracer
52:22 Ring Archer Armor
53:21 Ballistics
55:18 Two-Man Saw
54:52 Siege Ram
59:09 Halberdier
LDX.Heisi
12:29 Feudal Age
16:07 Castle Age
14:28 Double-Bit Axe
14:48 Loom
15:16 Padded Archer Armor
15:56 Horse Collar
17:43 Leather Archer Armor
19:40 Town Watch
21:35 Wheelbarrow
22:05 Leather Archer Armor
25:53 Bloodlines
26:48 Husbandry
29:02 Gold Mining
38:36 Hand Cart
40:03 Bow Saw
45:11 Imperial Age
45:16 Scale Barding Armor
45:21 Forging
45:37 Stone Mining
46:40 Chain Barding Armor
45:42 Cavalier
47:12 Paladin
48:15 Heavy Plow
48:52 Plate Barding Armor
48:53 Iron Casting
48:51 Conscription
48:39 Elite Conquistador
53:34 Ring Archer Armor
54:05 Blast Furnace
53:23 Town Patrol
56:33 Scale Mail Armor
56:24 Fletching
57:28 Hoardings
61:08 Light Cavalry
Noobieski
8:16 Loom
15:49 Feudal Age
21:41 Castle Age
22:03 Double-Bit Axe
31:16 Horse Collar
32:12 Gold Mining
34:55 Bow Saw
39:10 Wheelbarrow
38:25 Town Watch
40:25 Heavy Plow
40:58 Bloodlines
40:53 Husbandry
41:41 Scale Barding Armor
42:50 Forging
45:23 Chain Barding Armor
48:32 Imperial Age
57:16 Hand Cart
58:51 Stone Mining
Connection lost

Rejoining the realm…

Still unreachable

The connection could not be restored.

Session expired

The server has moved on; the page needs a fresh start.